Map: [ESL] Hard Lead

Players

Classic

  • Race: Protoss Protoss
  • Spawn Location: 11:00

SKillous - Winner!

  • Race: Protoss Protoss
  • League: Grandmaster
  • Spawn Location: 5:00

Event: IEM Katowice 2024

VOD

Have the link to the VOD?

Description

Time

  • Played on: Dec. 8, 2023, 5:25 p.m.
  • Length: 5:58

All games in this series

Show
View Real Time Build Order
Export as new Build Order

Classic Protoss 

Build Orders:  

Get SALT Encoding   

  12  0:00  Probe  
  13  0:12  Probe  
  14  0:20  Pylon  
  14  0:24  Probe  
  15  0:38  Probe (Chrono Boost)  
  15  0:40  Gateway  
  16  0:47  Probe (Chrono Boost)  
  16  0:48  Assimilator  
  17  0:52  Probe (Chrono Boost)  
  18  1:04  Probe (Chrono Boost)  
  19  1:12  Assimilator  
  19  1:16  Probe (Chrono Boost)  
  20  1:22  Probe (Chrono Boost)  
  20  1:23  Pylon  
  21  1:28  Cybernetics Core  
  21  1:31  Probe  
  22  1:41  Zealot  
  22  1:43  Probe  
  25  1:55  Probe  
  26  2:07  Sentry (Chrono Boost)  
  29  2:11  Warp Gate  
  29  2:13  Pylon  
  28  2:22  Stalker (Chrono Boost)  
  30  2:30  Nexus  
  30  2:36  Shield Battery  
  30  2:46  Robotics Facility  
  30  2:51  Sentry  
  32  2:58  Pylon  
  31  3:14  Shield Battery  
  31  3:18  Stalker  
  33  3:30  Immortal (Chrono Boost)  
  37  3:41  Gateway  
  37  3:59  Sentry, Warp Prism (Chrono Boost)  
  41  4:09  Cybernetics Core  
  33  4:22  Sentry  
  39  4:34  Pylon  
  35  4:40  Immortal (Chrono Boost)  
  39  4:46  Zealot  
  33  5:07  Sentry  
  33  5:12  Immortal (Chrono Boost), Shield Battery  
  39  5:23  Shield Battery  
  39  5:27  Pylon  
Show
View Real Time Build Order
Export as new Build Order

SKillous Protoss - Winner!

Build Orders:  

Get SALT Encoding   

  12  0:00  Probe  
  13  0:12  Probe  
  14  0:17  Pylon  
  14  0:24  Probe (Chrono Boost)  
  15  0:36  Probe (Chrono Boost)  
  15  0:37  Gateway  
  16  0:44  Probe (Chrono Boost)  
  16  0:46  Assimilator  
  17  0:51  Probe  
  17  0:54  Assimilator  
  18  1:03  Probe (Chrono Boost)  
  19  1:07  Gateway  
  20  1:12  Probe (Chrono Boost)  
  20  1:17  Probe (Chrono Boost)  
  20  1:24  Cybernetics Core  
  21  1:29  Probe  
  22  1:35  Pylon  
  22  1:41  Probe  
  23  2:00  Robotics Facility  
  23  2:01  Warp Gate  
  23  2:02  Stalker  
  25  2:11  Stalker  
  25  2:15  Pylon  
  27  2:32  Stalker  
  29  2:41  Stalker  
  31  2:45  Immortal (Chrono Boost)  
  35  2:56  Pylon  
  34  3:04  Stalker  
  36  3:16  Warp Prism (Chrono Boost)  
  38  3:45  Immortal (Chrono Boost)  
  42  3:58  Sentry x2  
  42  3:59  Pylon  
  42  4:00  Pylon  
  46  4:21  Immortal (Chrono Boost)  
  50  4:24  Adept  
  50  4:25  Adept  
  54  4:45  Adept x2  
  58  4:48  Pylon  
  58  5:06  Adept, Sentry  
  62  5:08  Probe  
  59  5:41  Adept x2  

Tags
 
Add a new tag
Caveats
  • Supply blocks, unpowered buildings, or Contaminate may cause inaccurate times.
  • Supply counts are checked every 10 seconds.